 Dungeon Crawl Stone Soup version 0.27-a0-32-g443bf2d2ca (webtiles) character file.

Game seed: 855452201992997715

840 Descartes the Covert (level 7, -3/34 HPs)
             Began as a Felid Monk on Jan 4, 2021.
             Shot with an arrow by a centaur (8 damage)
             ... on level 6 of the Dungeon.
             The game lasted 00:15:02 (11821 turns).

Descartes the Covert (Felid Monk)                  Turns: 11821, Time: 00:15:03

Health: -3/34      AC:  2    Str:  9    XL:     7   Next: 67%
Magic:  8/8        EV: 25    Int: 11    God:
Gold:   319        SH:  0    Dex: 19    Spells: 6/6 levels left
                                        Lives:  0   Deaths: 2

rFire    . . .     SeeInvis +     - Unarmed
rCold    . . .     Faith    .   (shield unavailable)
rNeg     . . .     Spirit   .   (armour unavailable)
rPois    +         Reflect  .   (helmet unavailable)
rElec    .         Harm     .   (cloak unavailable)
rCorr    .         Rampage  .   (gloves unavailable)
Will     +....                  (boots unavailable)
Stlth    +++++.....             m - amulet of magic regeneration
HPRegen  0.11/turn              i - ring of poison resistance
MPRegen  0.36/turn              (no ring)

@: quick
A: very small, no armour, no weapons or thrown items, stealth, claws 1, fangs 3,
see invisible, speed 1, mutation resistance 1, shaggy fur 2, sharp paws
a: no special abilities


You were on level 6 of the Dungeon.
You visited 2 branches of the dungeon, and saw 7 of its levels.

You collected 319 gold pieces.

Inventory:

Missiles
 b - 167 stones
 c - 88 arrows
Jewellery
 i - a ring of poison resistance (left paw)
 m - an amulet of magic regeneration (around neck)
Scrolls
 a - 2 scrolls of enchant weapon {unknown}
 d - 2 scrolls of enchant armour {unknown}
 e - 2 scrolls of remove curse {unknown}
 l - 3 scrolls of teleportation {unknown}
 n - 3 scrolls of random uselessness {unknown}
 o - 2 scrolls of amnesia {unknown}
 q - 2 scrolls of immolation {unknown}
Potions
 f - 2 potions of curing
 g - a potion of brilliance {unknown}
 h - 2 potions of lignification
 j - a potion of cancellation
 r - 2 potions of attraction
 s - 2 potions of might
 t - a potion of ambrosia {unknown}


   Skills:
 + Level 6.0 Fighting
 + Level 8.4 Dodging
 * Level 10.5 Stealth
 + Level 6.4 Unarmed Combat


You had 6 spell levels left.
You didn't know any spells.
Your spell library was empty.

Dungeon Overview and Level Annotations

Branches:
Dungeon (6/15)             Temple (1/1) D:4

Altars:
Ashenzari
Dithmenos
Elyvilon
Fedhas
Hepliaklqana
Kikubaaqudgha
Okawaru
Qazlal
Ru
Sif Muna
Trog
Uskayaw
Vehumet
Wu Jian
Xom
Zin
The Shining One

Shops:
D:4 !([

Annotations:
D:3 1 runed translucent door, Crazy Yiuf
D:6 Dowan


Innate Abilities, Weirdness & Mutations

You cannot wear armour.
You are incapable of wielding weapons or throwing items.
Your paws allow you to move quietly. (Stealth)
You have sharp claws.
You have razor-sharp teeth.
You have supernaturally acute eyesight. (SInv)
You cover ground quickly.
You are covered in thick fur. (AC +2)
Your sharp claws are effective at attacking unaware monsters.
You are somewhat resistant to further mutation.


Message History

You are too injured to fight recklessly!
You are too injured to fight recklessly!
You are too injured to fight recklessly!
You are too injured to fight recklessly!
You are too injured to fight recklessly!
The ufetubus misses you. The ufetubus completely misses you.
The ufetubus barely misses you. The ufetubus completely misses you.
The centaur shoots an arrow.
The arrow closely misses you. The ufetubus completely misses you. x2
The centaur shoots an arrow.
The arrow closely misses you.
Things that are here:
an arrow; a pitted chain mail The centaur shoots an arrow.
The arrow hits you!
* * * LOW HITPOINT WARNING * * *
You see here an arrow.
The centaur shoots an arrow.
The arrow closely misses you. The ufetubus closely misses you.
The ufetubus completely misses you.
You see here an arrow.
The centaur shoots an arrow.
The arrow hits you!
You die...

#.######........# #.#......
#.......c.......# #........
#...............# #........
#...............# #....<...
#............... #........
#.###............# #.#######
#................# #.#######
#.####..(........######.##.....
#>.........o5(@.....)..........
###############...#####..#.....
#..........#.)...
#...##.###.#..... #########
#...##.# #.#<#### #.......#
#...##.# #...)... #.#####.#
#...##.# #.#.#### ###.#####.#
#...##.###....... ........#.#
#...##.......####


You could see a centaur, an orc wizard and an ufetubus.

Vanquished Creatures
  Sigmund (D:5)
  Menkaure (D:4)
  A water moccasin (D:6)
  A black bear (D:6)
  An orc warrior (D:5)
  2 phantoms (D:6)
  A sky beast (D:6)
  4 ogres
  A centaur (D:5)
  Blork the orc (D:4)
  2 bullfrogs (D:6)
  2 jellies
  2 orc priests
  3 orc wizards
  A centaur skeleton (D:5)
  Jessica (D:3)
  2 iguanas (D:6)
  4 worker ants
  A howler monkey zombie (D:6)
  6 adders
  10 gnolls
  A shadow imp (D:6)
  2 white imps
  An ufetubus (D:6)
  3 oozes
  An adder skeleton (D:4)
  3 worms
  3 dart slugs
  2 leopard geckos (D:3)
  13 orcs
  3 giant cockroaches
  6 hobgoblins
  5 jackals
  5 kobolds
  3 quokkas
  8 bats
  7 frilled lizards
  9 goblins
  A leopard gecko zombie (D:6)
  8 rats
132 creatures vanquished.

Notes
Turn   | Place    | Note
-------+----------+-------------------------------------------
     0 | D:1      | Descartes the Felid Monk began the quest for the Orb.
     0 | D:1      | Reached XP level 1. HP: 10/10 MP: 2/2
   142 | D:1      | Reached skill level 3 in Stealth
   151 | D:1      | Reached XP level 2. HP: 14/14 MP: 3/3
  1313 | D:1      | Reached XP level 3. HP: 17/17 MP: 4/4
  2039 | D:2      | Found an iron altar of Okawaru.
  2729 | D:2      | Reached skill level 5 in Dodging
  2729 | D:2      | Reached skill level 4 in Stealth
  2729 | D:2      | Reached XP level 4. HP: 21/21 MP: 5/5
  2873 | D:3      | Noticed Jessica
  2885 | D:3      | Killed Jessica
  3063 | D:3      | Found a runed translucent door.
  3064 | D:3      | Noticed Crazy Yiuf
  3144 | D:3      | HP: 1/21 [orc wizard/puff of frost (10)]
  3149 | D:3      | Reached XP level 5. HP: 2/24 MP: 6/6
  4653 | D:2      | Found an iron altar of Okawaru.
  4910 | D:2      | Reached skill level 5 in Stealth
  5489 | D:2      | Found an iron altar of Okawaru.
  6339 | D:4      | Found Izxidesoem's Weapon Shop.
  6584 | D:4      | Gained mutation: Your magical capacity is low. (-10% MP)
                  | [potion of mutation]
  6584 | D:4      | Gained mutation: Your mind is acute. (Int +2) [potion of
                  | mutation]
  6585 | D:4      | Lost mutation: Your magical capacity is low. (-10% MP)
                  | [potion of mutation]
  6585 | D:4      | Lost mutation: Your mind is acute. (Int +2) [potion of
                  | mutation]
  6585 | D:4      | Gained mutation: Your body sometimes deteriorates upon
                  | taking damage. [potion of mutation]
  6585 | D:4      | Gained mutation: You are covered in thick fur. (AC +2)
                  | [potion of mutation]
  6586 | D:4      | Lost mutation: Your body sometimes deteriorates upon taking
                  | damage. [potion of mutation]
  6586 | D:4      | Lost mutation: You are covered in thick fur. (AC +2)
                  | [potion of mutation]
  6586 | D:4      | Gained mutation: You are strong-willed. (Will+) [potion of
                  | mutation]
  6586 | D:4      | Lost mutation: You are strong-willed. (Will+) [potion of
                  | mutation]
  6586 | D:4      | Gained mutation: You are somewhat resistant to further
                  | mutation. [potion of mutation]
  6686 | D:4      | Gained mutation: You are covered in thick fur. (AC +2)
                  | [Felid growth]
  6686 | D:4      | Reached XP level 6. HP: 28/28 MP: 7/7
  6701 | D:4      | Found Muyziv's Armour Shop.
  7638 | D:4      | Noticed Menkaure
  7644 | D:4      | Killed Menkaure
  7657 | D:4      | Found a staircase to the Ecumenical Temple.
  7659 | D:4      | Found a shimmering altar of Xom.
  7666 | D:4      | Reached skill level 6 in Stealth
  7670 | Temple   | Entered the Ecumenical Temple
  7971 | D:4      | Found a white marble altar of Elyvilon.
  8329 | D:4      | Noticed Blork the orc
  8336 | D:4      | Killed Blork the orc
  8337 | D:4      | Reached XP level 7. HP: 31/32 MP: 8/8
  8345 | D:4      | Found a shimmering altar of Xom.
  8348 | D:4      | Found a shimmering altar of Xom.
  8348 | D:4      | Found a shimmering altar of Xom.
  8349 | D:4      | Found a shimmering altar of Xom.
  8350 | D:4      | Found a shimmering altar of Xom.
  8350 | D:4      | Found a shimmering altar of Xom.
  8485 | D:4      | Found Baopruin's Distillery.
  8498 | D:5      | Entered Level 5 of the Dungeon
  8537 | D:5      | Reached skill level 5 in Unarmed Combat
  8571 | D:5      | Noticed Sigmund
  8587 | D:5      | Killed Sigmund
  8588 | D:5      | Reached skill level 7 in Stealth
  8654 | D:5      | Found a radiant altar of Vehumet.
  8924 | D:5      | Found a sacrificial altar of Ru.
  9215 | D:4      | Reached skill level 8 in Stealth
  9719 | D:5      | Reached XP level 8. HP: 36/36 MP: 9/9
  9765 | D:5      | Reached skill level 5 in Fighting
 10593 | D:6      | Reached skill level 9 in Stealth
 11061 | D:5      | Demolished by an orc warrior
 11062 | D:5      | Reached XP level 7. HP: -16/33 MP: 8/8
 11370 | D:6      | Reached skill level 10 in Stealth
 11370 | D:6      | Reached XP level 8. HP: 20/38 MP: 9/9
 11472 | D:6      | Slain by a centaur
 11472 | D:6      | Noticed Dowan
 11473 | D:6      | Reached XP level 7. HP: -1/34 MP: 8/8
 11821 | D:6      | Shot with an arrow by a centaur

Illustrated notes

Levels and vault maps discovered:
D:1:      dpeg_arrival_rhombi, layout_loops_ring, skrybe_limestone_x,
          kennysheep_boxes
D:2:      layout_basic, okawaru_metal_pillars_1_2
D:3:      layout_basic, uniq_jessica, uniq_crazy_yiuf_cottage
D:4:      minmay_skewed_foursquare, layout_loops_ring,
          overflow_temple_1_default, minmay_temple_entry_statues_pillars,
          serial_shops, kennysheep_little_box, kennysheep_mini, shop,
          minmay_misc_feat_tiny, xom_redecorated, uniq_blork_the_orc,
          uniq_menkaure
D:5:      layout_loops_ring, vehumet_crystals, minmay_misc_feat_hallway,
          nicolae_ru_great_annihilating_truth, uniq_sigmund
D:6:      layout_basic, amcnicky_mini_pool_medium, uniq_duvessa
Temple:   minmay_temple_curvy_branch

Skill      XL: |  1  2  3  4  5  6  7  8 |
---------------+-------------------------+-----
Stealth        | 3 4 5 6 10 9 | 10.5
Dodging        | 5 6 8 |  8.4
Unarmed Combat | 4 5 6 |  6.4
Fighting       | 4 6 5 |  6.0

Action                   |  1- 3 |  4- 6 |  7- 9 || total
-------------------------+-------+-------+-------++-------
Melee: Unarmed           |    90 |   195 |   207 ||   492
       Bite              |     9 |    30 |    23 ||    62
       Punch             |     1 |     2 |     5 ||     8
  Use: Potion            |       |     8 |     2 ||    10
       Scroll            |       |     6 |       ||     6
 Stab: Sleeping          |    13 |    19 |    11 ||    43
       Paralysed         |       |       |     1 ||     1
Armor: Skin              |     3 |     9 |     2 ||    14
Dodge: Dodged            |    65 |   128 |   161 ||   354

Table legend: (Time is in decaauts)
 A = Elapsed time spent in this place.
 B = Non-inter-level travel time spent in this place.
 C = Inter-level travel time spent in this place.
 D = Time resting spent in this place.
 E = Time spent auto-exploring this place.
 F = Levels seen in this place.
 G = Mean time per level.
                   A        B        C        D        E       F      G
               +--------+--------+--------+--------+--------+-----+--------+
         Total |  10400 |   9804 |    596 |     36 |   8284 |   7 | 1485.7 |
       Dungeon |  10215 |   9623 |    592 |     36 |   8104 |   6 | 1702.5 |
        Temple |    185 |    182 |      3 |      0 |    180 |   1 |  185.0 |
               +--------+--------+--------+--------+--------+-----+--------+

Top non-repeatable levels by time:
     D:2: 2895 daAuts
     D:1: 1769 daAuts
     D:4: 1763 daAuts
     D:3: 1495 daAuts
     D:5: 1470 daAuts
     D:6: 821 daAuts
  Temple: 185 daAuts
